 Dungeon Crawl Stone Soup version 0.24.1-14-gf8d2b509d9 (webtiles) character file.

Game seed: 4930920883728575676, levelgen mode: deterministic

18 turtlewat the Digger (level 2, 24/24 HPs)
             Began as a Troll Earth Elementalist on Apr 27, 2023.
             Quit the game on level 1 of the Dungeon.
             The game lasted 00:04:47 (793 turns).

turtlewat the Digger (Troll Earth Elementalist)      Turns: 793, Time: 00:04:47

Health: 24/24      AC:  6    Str: 15    XL:     2   Next: 48%
Magic:  3/3        EV: 10    Int: 11    God:
Gold:   59         SH:  0    Dex: 10    Spells: 2/3 levels left

rFire    . . .     SeeInvis .   (no weapon)
rCold    . . .     Gourm    +   (no shield)
rNeg     . . .     Faith    .   c - +0 robe
rPois    .         Spirit   .   (helmet restricted)
rElec    .         Reflect  .   (no cloak)
rCorr    .         Harm     .   (gloves unavailable)
MR       .....                  (boots unavailable)
Stlth    +.........             (no amulet)
HPRegen  0.48/turn              (no ring)
MPRegen  0.08/turn              (no ring)

@: no status effects
A: large, unfitting armour, claws 3, fast metabolism 3, gourmand, regeneration
1, shaggy fur 1, tough skin 3
a: no special abilities


You were on level 1 of the Dungeon.
You were not hungry.

You visited 1 branch of the dungeon, and saw 1 of its levels.

You collected 59 gold pieces.

Inventory:

Missiles
 g - 48 stones (quivered)
Armour
 a - a +2 buckler
 c - a +0 robe (worn)
Scrolls
 b - 2 scrolls of teleportation {unknown}
 e - a scroll of fog {unknown}
Potions
 f - 3 potions of haste {unknown}
 h - a potion of curing {unknown}
Comestibles
 d - 2 rations


   Skills:
 + Level 0.3 Throwing
 + Level 1.8 Dodging
 + Level 1.0 Stealth
 + Level 0.3 Unarmed Combat
 + Level 1.4 Spellcasting
   Level 0.6 Transmutations
 + Level 3.0 Earth Magic


You had 2 spell levels left.
You knew the following spells:

 Your Spells              Type           Power        Failure   Level  Hunger
a - Sandblast             Erth           #.....       9%          1    ##.....

Your spell library contained the following spells:

 Spells                   Type           Power        Failure   Level  Hunger
 Passwall                 Tmut/Erth      #.......     22%         2    ###....
 Stone Arrow              Conj/Erth      #.....       45%         3    ####...
 Petrify                  Tmut/Erth      #.......     83%         4    #####..
 Lee's Rapid Deconstruct  Erth           #.........   94%         5    ######.


Dungeon Overview and Level Annotations

Branches:
Dungeon (1/15)

Altars:


Innate Abilities, Weirdness & Mutations

You are too large for most types of armour.
You have claws for hands.
Your metabolism is lightning-fast.
You like to eat raw meat.
Your natural rate of healing is unusually fast.
You are covered in fur. (AC +1)
You have extremely tough skin. (AC +3)


Message History

The goblin is moderately wounded.
The goblin closely misses you.
You barely miss the goblin.
The goblin is moderately wounded.
The goblin barely misses you.
You closely miss the goblin.
The goblin is moderately wounded.
The goblin hits you but does no damage.
You closely miss the goblin.
The goblin is moderately wounded.
The goblin hits you but does no damage.
You completely miss the goblin. The goblin misses you.
You scratch the goblin.
You kill the goblin!
Your Earth Magic skill increases to level 3!
Things that are here:
a +0 dagger; a goblin corpse Quiver which item? (- for none, * to show all) (? for menu, Esc to quit)
Okay, then.
Are you sure you want to abandon this character and quit the game? (Confirm with "yes".)

####+###.# #.# ##....#..
#.# #.. #..(..#..
#.####.###.###.###
#.##.............# #
###)##.8.⌠⌠⌠>⌠⌠⌠.8.#
###.#.#.##.............#
.........#≈≈≈≈≈≈(≈≈≈≈≈≈#
.........#≈≈≈≈≈≈≈≈≈≈≈≈≈#
......#@.#≈≈≈≈≈≈≈≈≈≈≈≈≈#
......#..#≈≈≈≈≈≈≈≈≈≈≈≈≈#
.....##.##≈≈≈≈≈≈≈≈≈≈≈≈≈#
..... ..##≈≈≈≈≈≈≈≈≈≈≈≈≈#
.....#####≈≈≈≈≈≈≈≈≈≈≈≈≈#
.... #≈≈≈≈≈≈≈≈≈≈≈≈≈#
#≈≈≈≈≈≈≈≈≈≈≈≈≈#
#≈≈≈≈≈≈≈≈≈≈≈≈≈#
#≈≈≈≈≈≈≈≈≈≈≈≈≈#


There were no monsters in sight!

Vanquished Creatures
  A giant cockroach (D:1)
  4 goblins (D:1)
  4 hobgoblins (D:1)
  A kobold (D:1)
  A ball python (D:1)
  3 bats (D:1)
  A frilled lizard (D:1)
  2 rats (D:1)
17 creatures vanquished.

Notes
Turn   | Place    | Note
-------+----------+-------------------------------------------
     0 | D:1      | turtlewat the Troll Earth Elementalist began the quest for
                  | the Orb.
     0 | D:1      | Reached XP level 1. HP: 16/16 MP: 1/1
   246 | D:1      | Reached XP level 2. HP: 24/24 MP: 3/3
   785 | D:1      | Reached skill level 3 in Earth Magic
   793 | D:1      | Quit the game

Levels and vault maps discovered:
D:1:      zaba_arrival_water, layout_basic, corexii_corridor_pit,
          minmay_octomino_j4

Skill      XL: |  1  2 |
---------------+-------+-----
Earth Magic    | 3 |  3.0
Throwing       | |  0.3
Dodging        | |  1.8
Stealth        | |  1.0
Unarmed Combat | |  0.3
Spellcasting   | |  1.4
Transmutations | |  0.6

Action                   || total
-------------------------++-------
Melee: Unarmed           ||    47
Throw: Stone             ||    30
 Stab: Sleeping          ||     2
  Eat: Chunk             ||     4
Armor: Robe              ||    29
Dodge: Dodged            ||    37
